 Dungeon Crawl Stone Soup version 0.29.1-13-g9f3cf754e1 (webtiles) character file.

Game seed: 2872918075896989237

157819 rddays123 the Warrior (level 16, -19/160 HPs)
             Began as a Minotaur Fighter on Jan 24, 2023.
             Was the Champion of Okawaru.
             Demolished by a spark wasp (21 damage)
             ... on level 3 of the Lair of Beasts.
             The game lasted 02:51:21 (41017 turns).

rddays123 the Warrior (Minotaur Fighter)           Turns: 41017, Time: 02:51:23

Health: -19/160    AC: 31    Str: 37    XL:     16   Next: 85%
Magic:  24/24      EV: 11    Int:  5    God:    Okawaru [******]
Gold:   1935       SH:  0    Dex: 11    Spells: 15/15 levels left

rFire   . . .      SeeInvis .   M - +8 battleaxe (vorpal)
rCold   . . .      Faith    .   (shield currently unavailable)
rNeg    . . .      Spirit   .   y - +3 plate armour {rPois}
rPois   +          Reflect  .   p - +2 hat
rElec   .          Harm     .   Q - +0 cloak
rCorr   .          Rampage  .   E - +2 pair of gloves {Str+3}
Will    +....                   A - +2 pair of boots {Stlth+}
Stlth   ..........              O - amulet of regeneration
HPRegen 1.16/turn               S - +6 ring of strength
MPRegen 0.19/turn               J - +4 ring of evasion

@: held
A: horns 2, retaliatory headbutt
}: 1/15 runes: barnacled
a: Renounce Religion, Heroism, Finesse, Duel


You were on level 3 of the Lair of Beasts.
You worshipped Okawaru.
Okawaru was exalted by your worship.
You visited 6 branches of the dungeon, and saw 26 of its levels.

You collected 2791 gold pieces.
You spent 856 gold pieces at shops.

Inventory:

Hand Weapons
 a - a +4 great mace of holy wrath
 z - a +0 demon trident of draining
 M - a +8 vorpal battleaxe (weapon)
 U - a +1 broad axe
Missiles
 F - 5 throwing nets (quivered)
Armour
 c - a +0 buckler
 p - a +2 hat (worn)
 y - a +3 plate armour of poison resistance (worn)
 A - a +2 pair of boots of stealth (worn)
 E - a +2 pair of gloves of strength (worn)
 G - +0 steam dragon scales
 L - the +1 leather armour "Deefyi" {rF+ SInv}
   (You found it on level 10 of the Dungeon)

   rF:        It protects you from fire.
   SInv:      It lets you see invisible.
 N - a +1 plate armour of willpower
 Q - a +0 cloak (worn)
Jewellery
 b - a ring of positive energy
 w - an amulet of the acrobat
 x - a ring of positive energy
 J - a +4 ring of evasion (right hand)
 O - an amulet of regeneration (around neck)
 R - an amulet of faith
 S - a +6 ring of strength (left hand)
Wands
 g - a wand of light (11)
 m - a wand of mindburst (23)
 u - a wand of iceblast (11)
 D - a wand of flame (21)
 T - a wand of digging (6)
Scrolls
 f - 9 scrolls of teleportation
 h - a scroll of torment
 i - 6 scrolls of magic mapping
 j - 7 scrolls of immolation
 k - 2 scrolls of silence
 n - a scroll of poison
 C - a scroll of fear
 H - 16 scrolls of identify
 I - 2 scrolls of noise
 P - a scroll of blinking
Potions
 d - 2 potions of might
 e - a potion of brilliance
 o - 2 potions of resistance
 r - 2 potions of invisibility
 s - 5 potions of lignification
 t - 4 potions of mutation
 v - 8 potions of attraction
 K - 2 potions of berserk rage
 W - a potion of flight
 X - 2 potions of heal wounds
 Y - a potion of haste
 Z - 4 potions of curing
Miscellaneous
 l - a tin of tremorstones (2/2)
 q - a lightning rod (4/4)


   Skills:
 - Level 19.0 Fighting
 - Level 18.0 Axes
 + Level 16.6 Armour
 + Level 13.0 Dodging
 - Level 5.0 Shields
 - Level 12.9 Invocations


You had 15 spell levels left.
You didn't know any spells.
Your spell library contained the following spells:

 Spells                   Type           Power      Damage    Failure   Level
 Magic Dart               Conj           0%         1d3       89%         1
 Ensorcelled Hibernation  Hex/Ice        0%         N/A       96%         2
 Passwall                 Tmut/Erth      0%         N/A       96%         2
 Searing Ray              Conj           0%         2d4       96%         2
 Frozen Ramparts          Ice            0%         1d1       99%         3
 Gell's Gravitas          Tloc           0%         N/A       99%         3
 Swiftness                Air            0%         N/A       99%         3
 Teleport Other           Tloc           0%         N/A       99%         3
 Fulminant Prism          Conj/Hex       0%         3d6       100%        4
 Hailstorm                Conj/Ice       0%         3d3       100%        4
 Ice Form                 Ice/Tmut       0%         N/A       100%        4
 Blade Hands              Tmut           0%         N/A       100%        5
 Dispersal                Tloc           0%         N/A       100%        6
 Iron Shot                Conj/Erth      0%         9d1       100%        6
 Animate Armour           Summ/Erth      Unusable   N/A       N/A         4
 Summon Ice Beast         Ice/Summ       Unusable   N/A       N/A         4
 Simulacrum               Ice/Necr       Unusable   N/A       N/A         6

Dungeon Overview and Level Annotations

Branches:
Dungeon (13/15)            Temple (1/1) D:6            Lair (5/5) D:9
 Shoals (4/4) Lair:3       Spider (1/4) Lair:3        Slime (0/5) Lair:5
    Orc (2/2) D:10            Elf (0/3) Orc:2        Vaults (0/5) D:13

Altars:
Ashenzari
Cheibriados
Dithmenos
Elyvilon
Fedhas
Gozag
Hepliaklqana
Kikubaaqudgha
Makhleb
Nemelex Xobeh
Okawaru
Qazlal
Ru
Sif Muna
Trog
Uskayaw
Vehumet
Wu Jian
Xom
Yredelemnul
Zin
The Shining One

Shops:
D:4 (   Orc:1 *?   Orc:2 ([*(!   Shoals:3 *

Annotations:
D:2 Sigmund
D:9 2 transporters, FexLirch's ghost, novice GnWn
D:11 3 runed translucent doors, booth's ghost, journeyman DsEn
Lair:5 exclusion: 2 oklob plants


Innate Abilities, Weirdness & Mutations

You have a pair of horns on your head.
You reflexively headbutt those who attack you in melee.


Message History

A spark wasp comes into view.
A culicivora comes into view.
The spark wasp bursts into living lightning!
The living lightning misses you.
The spark wasp blinks!
There is a crawl-hole back to the Lair, spattered with blood here.
The culicivora's many legs skitter faintly.
The spark wasp stings you but does no damage.
The spark wasp stings you. The spark wasp shocks you!
You climb upwards.
Welcome back to the Lair of Beasts!
There is a hole to the Spider Nest, spattered with blood here.
You slice the spark wasp!!
The spark wasp is moderately wounded.
The spark wasp misses you. You furiously retaliate!
You headbutt the spark wasp, but do no damage.
You slash the spark wasp! Your headbutt misses the spark wasp.
The spark wasp is heavily wounded.
The spark wasp closely misses you. You furiously retaliate!
You headbutt the spark wasp. You slice the spark wasp!!
Your headbutt misses the spark wasp.
The spark wasp is almost dead.
The spark wasp stings you!! The spark wasp shocks you!
The spark wasp bursts into living lightning!
The living lightning hits you!!
The spark wasp blinks!
The spark wasp attacks as you move away!
The spark wasp stings you!
* * * LOW HITPOINT WARNING * * *
The spark wasp shocks you!
* * * LOW HITPOINT WARNING * * *
You are caught in the web!
The spark wasp bursts into living lightning!
The living lightning misses you.
The spark wasp blinks!
There is a web here.
You see here a jumping spider corpse.
You struggle to detach yourself from the web.
The spark wasp stings you!
* * * LOW HITPOINT WARNING * * *
The spark wasp shocks you!
* * * LOW HITPOINT WARNING * * *
The spark wasp stings you!!
You die...

.# ######......## .#
#######....##### .##
#..............###
..#######.......^......#.##
....#......#........^..#..#
...........##^...........##
.....PP#...##^^..^###..###
...######...#^^^^^^###.#
...# ##...#^>@y###..## ..##
#.....^^^##^....#
.########.#^^[..##^.....##
..##......#^^............#
.####....###^^.^....^....#
###........#^##...^.....##
# #.........##..........# #
#..........###........#
###...........####......#


You could see a spark wasp.

Vanquished Creatures
  Bai Suzhen (Shoals:4)
  Saint Roka (Orc:2)
  Rupert (D:12)
  A titan (Shoals:4)
  Gastronok (Lair:1)
  An orc warlord (Orc:2)
  Aizul (Shoals:1)
  Nessos (D:12)
  Azrael (D:11)
  5 merfolk javelineers
  9 merfolk impalers
  A fire dragon (Lair:5)
  7 boulder beetles
  5 hydras
  3 centaur warriors (D:10)
  2 merfolk avatars
  4 two-headed ogres
  6 alligator snapping turtles
  A satyr (Shoals:2)
  3 merfolk aquamancers
  A tengu warrior (D:9)
  5 death yaks (Lair:3)
  3 orc high priests
  Sonja (D:12)
  Nergalle (D:11)
  A fire crab (Lair:5)
  A pharaoh ant (Lair:3)
  14 sea snakes
  An orb spider (Spider:1)
  A steelbarb worm (Lair:3)
  A glowing orange brain (D:10)
  A lindwurm (Lair:3)
  11 harpies
  A deep elf pyromancer (D:12)
  2 ugly things
  12 manticores
  14 fauns
  5 orc sorcerers (Orc:2)
  2 orc knights
  2 wolf spiders
  3 cyclopes
  4 slime creatures (D:12)
  Joseph (D:8)
  11 merfolk sirens
  12 water nymphs
  6 black mambas
  8 elephants
  3 molten gargoyles (Lair:5)
  A torpor snail (Lair:3)
  A gargoyle (D:12)
  12 cane toads
  3 rime drakes
  A demonic crawler (Lair:3)
  14 komodo dragons
  An unseen horror (D:12)
  Psyche (D:12)
  An efreet (D:10)
  A polar bear (Lair:5)
  25 merfolk
  3 hornets
  15 wind drakes
  5 trolls
  14 blink frogs
  2 tarantellas
  10 dream sheep
  7 snapping turtles
  10 air elementals (Shoals:4)
  5 jumping spiders (Lair:3)
  2 vampires
  7 shadows
  49 yaks
  A culicivora (Lair:3)
  15 water elementals
  6 wyverns
  3 fire elementals
  3 basilisks
  Grum (D:10)
  4 vampire mosquitoes (D:12)
  7 steam dragons
  2 redbacks (Lair:3)
  An acid dragon (D:12)
  2 wargs (Orc:2)
  7 hell hounds
  15 water moccasins
  37 orc warriors
  2 sky beasts
  An ice beast (D:6)
  14 wolves
  8 ogres
  2 black bears
  6 centaurs
  3 phantoms
  3 kobold brigands
  18 bullfrogs
  2 gnoll sergeants
  A necrophage (D:4)
  2 scorpions
  7 wights (D:9)
  4 killer bees (D:8)
  A vampire bat (D:5)
  4 howler monkeys
  4 electric eels (Lair:5)
  5 lava snakes (Lair:5)
  3 jellies
  3 hounds
  19 orc priests
  Natasha (thrice) (D:3)
  2 iguanas
  24 orc wizards
  A mummy (D:4)
  12 gnolls
  7 adders
  2 shadow imps
  A white imp (D:6)
  An ufetubus (D:6)
  A worm (D:5)
  A dart slug (D:5)
  3 fire bats (D:5)
  74 orcs
  2 spectral bats (D:5)
  3 bat skeletons (D:5)
  A bat zombie (D:5)
  7 endoplasms
  3 giant cockroaches
  8 goblins
  5 hobgoblins
  2 quokkas
  5 ball pythons
  12 bats
  A bat simulacrum (D:5)
  2 hobgoblin zombies (D:4)
  23 kobolds
  2 orc zombies (D:4)
  2 rats (D:3)
  A butterfly (Lair:2)
  2 plants (Shoals:2)
802 creatures vanquished.

Vanquished Creatures (others)
  A faun (Shoals:2)
  A howler monkey (D:8)
  A goblin (D:8)
  36 fungi
  138 plants
  5 toadstools (D:9)
182 creatures vanquished.

Grand Total: 984 creatures vanquished

Notes
Turn   | Place    | Note
-------+----------+-------------------------------------------
     0 | D:1      | rddays123 the Minotaur Fighter began the quest for the Orb.
     0 | D:1      | Reached XP level 1. HP: 19/19 MP: 0/0
   142 | D:1      | Reached XP level 2. HP: 25/27 MP: 1/1
   430 | D:1      | Reached skill level 4 in Fighting
   686 | D:2      | Noticed Sigmund
   703 | D:1      | Reached XP level 3. HP: 24/33 MP: 2/2
   927 | D:3      | Found a faded altar of an unknown god.
   989 | D:3      | Reached XP level 4. HP: 13/41 MP: 3/3
  1293 | D:3      | Noticed Natasha
  1299 | D:3      | Killed Natasha
  1464 | D:3      | Noticed Natasha
  1470 | D:3      | Killed Natasha
  1471 | D:3      | Reached XP level 5. HP: 36/47 MP: 4/4
  1627 | D:3      | Noticed Natasha
  1630 | D:3      | Killed Natasha
  1642 | D:3      | Reached skill level 5 in Fighting
  1642 | D:3      | Reached skill level 5 in Armour
  1642 | D:3      | Reached skill level 5 in Shields
  1889 | D:4      | Noticed a phantom
  1901 | D:4      | Killed a phantom
  1902 | D:4      | Reached XP level 6. HP: 54/56 MP: 5/5
  2187 | D:4      | Found Mafrefij's Weapon Shop.
  2503 | D:4      | Reached skill level 5 in Axes
  2646 | D:4      | Reached skill level 6 in Fighting
  2913 | D:5      | Entered Level 5 of the Dungeon
  2922 | D:5      | Reached XP level 7. HP: 13/64 MP: 6/6
  3289 | D:5      | Reached skill level 7 in Fighting
  3929 | D:5      | Reached skill level 8 in Fighting
  3929 | D:5      | Reached XP level 8. HP: 74/74 MP: 7/7
  4543 | D:6      | Reached skill level 9 in Fighting
  4643 | D:6      | Found a staircase to the Ecumenical Temple.
  4695 | Temple   | Entered the Ecumenical Temple
  4718 | Temple   | Became a worshipper of Warmaster Okawaru
  5047 | D:6      | Found a hazy altar of Hepliaklqana.
  5550 | D:7      | Reached skill level 10 in Fighting
  5745 | D:7      | Reached XP level 9. HP: 50/85 MP: 8/8
  5944 | D:7      | Reached skill level 1 in Invocations
  6055 | D:7      | Found a stormy altar of Qazlal.
  6253 | D:7      | Reached * piety under Okawaru
  6564 | D:7      | Found an opulent altar of Gozag.
  6578 | D:7      | Found a glowing silver altar of Zin.
  6589 | D:7      | Found a hide-covered altar of Uskayaw.
  6675 | D:7      | Found a shimmering blue altar of Sif Muna.
  7125 | D:8      | Reached skill level 5 in Invocations
  7163 | D:8      | Noticed Joseph
  7193 | D:9      | Noticed a two-headed ogre
  7199 | D:9      | Killed a two-headed ogre
  7199 | D:9      | Reached ** piety under Okawaru
  7803 | D:9      | Noticed a queen bee
  7896 | D:9      | Reached XP level 10. HP: 57/93 MP: 13/15
  7914 | D:9      | Noticed FexLirch's ghost (novice GnWn)
  8086 | D:8      | Reached *** piety under Okawaru
  8728 | D:9      | Reached skill level 11 in Fighting
  9065 | D:9      | Found a staircase to the Lair.
  9482 | D:9      | Found an ancient bone altar of Kikubaaqudgha.
  9519 | D:9      | Found a transporter.
  9521 | D:9      | Found a transporter.
  9604 | D:9      | Reached skill level 10 in Axes
  9604 | D:9      | Reached skill level 1 in Dodging
  9662 | Lair:1   | Entered Level 1 of the Lair of Beasts
  9842 | Lair:1   | Reached **** piety under Okawaru
 10077 | Lair:1   | Noticed a black mamba
 10101 | D:10     | Entered Level 10 of the Dungeon
 10642 | D:9      | Reached skill level 5 in Dodging
 10642 | D:9      | Reached XP level 11. HP: 81/102 MP: 16/16
 10908 | D:10     | Identified the +1 leather armour "Deefyi" {rF+ SInv}
 10944 | D:10     | Noticed a tengu warrior
 10973 | D:9      | Killed a tengu warrior
 11378 | D:10     | Noticed Grum
 11380 | D:10     | Noticed a centaur warrior
 11766 | D:10     | Noticed a red ugly thing
 12008 | Lair:1   | Identified the +2 short sword of the Arena {drain, Contam
                  | Dex+5}
 12054 | Lair:1   | Reached skill level 12 in Fighting
 12233 | Lair:1   | Reached ***** piety under Okawaru
 13179 | Lair:1   | Reached skill level 13 in Fighting
 13445 | D:10     | Killed a centaur warrior
 13458 | D:9      | Killed a red ugly thing
 13656 | D:10     | Killed Grum
 14159 | D:4      | Bought a +8 vorpal battleaxe for 568 gold pieces
 14592 | Lair:1   | Noticed Gastronok
 15000 | D:10     | Found a staircase to the Orcish Mines.
 15020 | D:10     | Noticed a centaur warrior
 15023 | D:10     | Noticed a harpy
 15555 | Lair:1   | Killed Gastronok
 15556 | Lair:1   | Reached XP level 12. HP: 101/115 MP: 10/17
 16173 | Lair:2   | Reached skill level 15 in Axes
 17144 | D:10     | Received a gift from Okawaru
 17263 | D:10     | Noticed a centaur warrior
 17273 | D:10     | Killed a centaur warrior
 17284 | D:10     | Killed a centaur warrior
 17410 | D:10     | Noticed a four-headed hydra
 17420 | D:10     | Killed a four-headed hydra
 18106 | D:10     | Noticed a boulder beetle
 18124 | D:10     | Killed a boulder beetle
 18840 | D:10     | Noticed a seven-headed hydra
 18860 | D:10     | Killed a seven-headed hydra
 19017 | D:10     | Identified the +7 rapier of Misery {venom, Str+2 Int-2
                  | Stlth+}
 19018 | D:10     | Identified the +4 flail "Henets" {freeze, Will+ Stlth+}
 19118 | Orc:1    | Entered Level 1 of the Orcish Mines
 19118 | Orc:1    | Found Zucio's Magic Scroll Boutique.
 19136 | Orc:1    | Bought a scroll of blinking for 97 gold pieces
 19136 | Orc:1    | Bought a scroll of blinking for 97 gold pieces
 19142 | Orc:1    | Noticed a two-headed ogre
 19159 | Orc:1    | Killed a two-headed ogre
 19313 | Orc:1    | Noticed an orc high priest
 19338 | Orc:1    | Killed an orc high priest
 19360 | Orc:1    | Reached XP level 13. HP: 91/123 MP: 18/18
 19572 | Orc:1    | Found Temp's General Store.
 19626 | Orc:1    | You fall into a shaft and drop 1 floor!
 19626 | Orc:2    | Entered Level 2 of the Orcish Mines
 19701 | Orc:2    | Found Lweton's Luxury Loot.
 19716 | Orc:2    | Noticed an orc warlord
 19772 | Orc:2    | Killed an orc warlord
 19773 | Orc:2    | Reached skill level 14 in Fighting
 20056 | Orc:2    | Found a staircase to the Elven Halls.
 20063 | Orc:2    | Received a gift from Okawaru
 20884 | Orc:2    | Found Qumem Masun's Antique Weapon Shop.
 21611 | Orc:2    | Noticed Saint Roka
 21872 | Orc:1    | Reached skill level 15 in Fighting
 22561 | Lair:3   | Identified the -2 buckler "Hufrecs" {Str+4} (Okawaru gifted
                  | it to you on level 3 of the Lair of Beasts)
 22561 | Lair:3   | Received a gift from Okawaru
 22751 | Lair:3   | Reached skill level 10 in Armour
 22971 | Lair:3   | Found a hole to the Spider Nest.
 22990 | Lair:3   | Reached skill level 16 in Fighting
 23059 | Lair:3   | Found a staircase to the Shoals.
 23175 | Lair:3   | You fall into a shaft and drop 2 floors!
 23175 | Lair:5   | Entered Level 5 of the Lair of Beasts
 23278 | Lair:4   | Reached XP level 14. HP: 118/138 MP: 19/19
 26351 | Orc:2    | Killed Saint Roka
 26351 | Orc:2    | Identified the +1 robe of the Countless Mouths {Rampage}
                  | (Okawaru gifted it to you on level 2 of the Orcish Mines)
 26351 | Orc:2    | Received a gift from Okawaru
 26352 | Orc:2    | Reached skill level 17 in Fighting
 26702 | Orc:2    | Found Moamev's Distillery.
 26779 | Orc:2    | Found Pitif's Antique Weapon Boutique.
 26791 | Orc:2    | Found Nomeify's Antique Armour Shop.
 26803 | Orc:2    | Bought a cloak for 94 gold pieces
 27478 | Lair:5   | Found a staircase to the Slime Pits.
 28120 | Lair:5   | Found a large runed translucent door.
 28130 | Lair:5   | Found a large runed translucent door.
 29065 | D:8      | You fall into a shaft and drop 2 floors!
 29552 | D:8      | Killed Joseph
 29956 | D:11     | Noticed Nergalle
 29965 | D:11     | Killed Nergalle
 30226 | D:11     | Found a runed translucent gate.
 30228 | D:11     | Found a runed translucent gate.
 30229 | D:11     | Found a runed translucent gate.
 30232 | D:11     | Noticed booth's ghost (journeyman DsEn)
 30682 | D:12     | Noticed Psyche
 30686 | D:12     | Killed Psyche
 30757 | D:12     | Noticed Nessos
 30770 | D:12     | Noticed Rupert
 30795 | D:12     | Killed Nessos
 31335 | D:12     | Noticed Azrael
 31338 | D:12     | Reached skill level 18 in Fighting
 31360 | D:11     | Reached XP level 15. HP: 107/149 MP: 20/20
 31493 | D:11     | Killed Azrael
 31854 | D:12     | Killed Rupert
 31854 | D:12     | Received a gift from Okawaru
 32338 | D:12     | Noticed Sonja
 32384 | D:12     | Killed Sonja
 32800 | D:13     | Found a gate to the Vaults.
 32952 | Spider:1 | Entered Level 1 of the Spider Nest
 33302 | Shoals:1 | Entered Level 1 of the Shoals
 33305 | Shoals:1 | Reached skill level 10 in Invocations
 33329 | Shoals:1 | Received a gift from Okawaru
 33366 | Shoals:1 | Noticed Aizul
 33422 | Shoals:1 | Killed Aizul
 34418 | Shoals:1 | Received a gift from Okawaru
 36085 | Shoals:2 | Identified the +2 robe "Gamotifiomn" {Fly rC+ Int+4}
 36231 | Shoals:2 | Reached skill level 19 in Fighting
 36411 | Shoals:2 | You fall into a shaft and drop 1 floor!
 36560 | Shoals:2 | Reached XP level 16. HP: 160/160 MP: 24/24
 36645 | Shoals:2 | Reached skill level 10 in Dodging
 36753 | Shoals:2 | Identified the +5 scale mail "Bomuab" {Str+4}
 37036 | Shoals:3 | Found Meirr's Overcharged Wands.
 37797 | Shoals:3 | Reached ****** piety under Okawaru
 38058 | Shoals:3 | Received a gift from Okawaru
 38398 | Shoals:4 | Entered Level 4 of the Shoals
 38398 | Shoals:4 | Found a stormy altar of Qazlal.
 38429 | Shoals:4 | Paralysed by an air elemental for 1 turns
 38619 | Shoals:4 | Reached skill level 15 in Armour
 38954 | Shoals:4 | Paralysed by an air elemental for 1 turns
 38983 | Shoals:4 | Found a shadowy altar of Dithmenos.
 39158 | Shoals:4 | Noticed Bai Suzhen
 39248 | Shoals:4 | Found a blossoming altar of Fedhas.
 39379 | Shoals:4 | Paralysed by an air elemental for 1 turns
 39384 | Shoals:4 | Paralysed by an air elemental for 1 turns
 39389 | Shoals:4 | Paralysed by an air elemental for 1 turns
 39551 | Shoals:4 | Killed Bai Suzhen
 39579 | Shoals:4 | Noticed a titan
 39602 | Shoals:4 | Killed a titan
 40007 | Shoals:4 | Paralysed by an air elemental for 1 turns
 40071 | Shoals:4 | Got a barnacled rune of Zot
 40470 | Shoals:4 | Paralysed by an air elemental for 1 turns
 40914 | Lair:3   | Identified the +1 ring mail of the Beginning {Fly rF+}
                  | (Okawaru gifted it to you on level 3 of the Lair of Beasts)
 40914 | Lair:3   | Received a gift from Okawaru
 41017 | Lair:3   | HP: 2/160 [spark wasp (14)]
 41017 | Lair:3   | Demolished by a spark wasp

Illustrated notes

Levels and vault maps discovered:
D:1:      pf_arrival_petrified_forest, layout_rooms
D:2:      layout_rooms, uniq_jessica, uniq_sigmund, uniq_crazy_yiuf_cottage
D:3:      layout_loops_ring, dreamdust_ecumenical_altar_hidden_monk_grotto,
          uniq_natasha
D:4:      layout_cave_pods, serial_shops, nicolae_shop_bloodbath_and_beyond,
          minmay_mini_ossuary
D:5:      layout_cave_pools, goddamned_bats
D:6:      layout_basic, worldfamousw_hep_ancestral_shrine,
          minmay_temple_entry_large_hall
D:7:      layout_gridville, nicolae_overflow_quartered_altars,
          kennysheep_little_box, minmay_microvault
D:8:      layout_gridville, enter_bailey_3, uniq_joseph
D:9:      layout_loops_ring, general_overflow_altar, lair_entry_dummy,
          gammafunk_ghost_hive, minmay_gold_behind_fungi
D:10:     minmay_sliced_demisemicircle, layout_layer_cave, david_orc_5,
          uniq_grum
D:11:     layout_roguey, gammafunk_ghost_spectres, st_stairs_1, uniq_nergalle
D:12:     layout_roguey, lemuel_flamethrower_3, uniq_nessos, uniq_sonja,
          uniq_azrael, uniq_psyche, uniq_rupert
D:13:     layout_gridville, erik_vaults_2, portal_ice_cave_entry_ice_simulacra
Temple:   nicolae_temple_no_exploring_needed
Lair:1:   layout_loops_ring, st_stairs_4, grunt_megastairs_4, uniq_gastronok
Lair:2:   layout_chaotic_city, lemuel_fruit_fields
Lair:3:   cheibrodos_lair_overgrown_chateau, layout_cave_pods,
          minmay_shoals_entry_centaurs, spider_nest_entry_webs
Lair:4:   layout_gridlike, grunt_megastairs_1
Lair:5:   cheibrodos_lair_end_hotspot, layout_layer_cave,
          minmay_slime_entry_oklob_open, serial_bayou_lake_a
Shoals:1: layout_shoals, uniq_aizul
Shoals:2: layout_shoals, nicolae_shoals_water_booths
Shoals:3: layout_shoals, nicolae_shop_overcharged_wands
Shoals:4: shoals_end_hellmonk_storm_palace [storm_palace_center_ruins,
          storm_palace_corner_altar, storm_palace_corner_altar,
          storm_palace_corner_blocked, storm_palace_corner_altar],
          uniq_bai_suzhen
Spider:1: layout_spider_delve, gammafunk_ghost_necromancy
Orc:1:    layout_caves, serial_shops, nicolae_shop_stone,
          nicolae_shop_temple_entry_statues_fountains
Orc:2:    grunt_orc_community_town_hall, layout_caves,
          grunt_orc_community_big_house_2, grunt_orc_community_big_house_1,
          grunt_orc_community_house_1, grunt_orc_community_house_1,
          grunt_orc_community_house_2, grunt_orc_community_house_2,
          grunt_orc_community_house_2, grunt_orc_community_house_3,
          nicolae_alphabet_shops

Skill      XL: |  1  2  3  4  5  6  7  8  9 10 11 12 13 14 15 16 |
---------------+-------------------------------------------------+-----
Fighting       | 4 5 6 8 10 11 13 16 18 19 | 19.0
Armour         | 4 5 11 13 14 16 | 16.6
Shields        | 4 5 |  5.0
Axes           | 3 4 5 7 9 11 14 18 | 18.0
Invocations    | 8 9 12 | 12.9
Dodging        | 5 6 9 13 | 13.0

Action                   |  1- 3 |  4- 6 |  7- 9 | 10-12 | 13-15 | 16-18 || total
-------------------------+-------+-------+-------+-------+-------+-------++-------
Melee: War axe           |    65 |    97 |   224 |   326 |       |       ||   712
       Headbutt          |     8 |    23 |    37 |   101 |   198 |    93 ||   460
       Battleaxe         |       |       |       |   152 |   927 |   328 ||  1407
       Great mace        |       |       |       |    11 |   107 |    66 ||   184
Invok: Heroism           |       |       |     2 |     8 |    15 |     2 ||    27
       Finesse           |       |       |       |     9 |    14 |     2 ||    25
  Use: Scroll            |       |    14 |     7 |     2 |    14 |     2 ||    39
       Potion            |       |       |     3 |     5 |     7 |     3 ||    18
 Stab: Invisible         |       |       |       |     1 |       |       ||     1
       Distracted        |       |       |       |       |     1 |       ||     1
Armor: Scale mail        |    42 |    38 |    55 |       |       |       ||   135
       Chain mail        |       |       |    61 |   185 |       |       ||   246
       Plate armour      |       |       |       |     7 |   393 |   225 ||   625
Dodge: Dodged            |    23 |    34 |   119 |   368 |   739 |   337 ||  1620
Block: Buckler           |    11 |    14 |    65 |    90 |       |       ||   180
